 Dungeon Crawl Stone Soup version 0.28-a0-519-gbfeecf2fc5 (webtiles) character file.

Game seed: 16474098943819700143

4736 Rennog the Basher (level 10, -3/135 HPs)
             Began as a Minotaur Fighter on Sept 23, 2021.
             Was an Elder of Okawaru.
             Succumbed to a cane toad's poison
             ... on level 1 of the Lair of Beasts.
             The game lasted 00:09:37 (7772 turns).

Rennog the Basher (Minotaur Fighter)                Turns: 7772, Time: 00:09:37

Health: -3/135     AC: 25    Str: 28    XL:     10   Next: 22%
Magic:  9/9        EV:  2    Int:  5    God:    Okawaru [****..]
Gold:   480        SH:  0    Dex: 18    Spells: 9/9 levels left

rFire   . . .      SeeInvis .   u - +4 dire flail (holy)
rCold   . . .      Faith    .   (shield currently unavailable)
rNeg    + + +      Spirit   .   (armour currently unavailable)
rPois   +          Reflect  .   (helmet currently unavailable)
rElec   .          Harm     .   (cloak currently unavailable)
rCorr   .          Rampage  .   (gloves currently unavailable)
Will    .....      NoTele   +   (boots currently unavailable)
Stlth   ++........              w - amulet of regeneration
HPRegen 1.32/turn               f - +6 ring of dexterity
MPRegen 0.11/turn               B - +6 ring of strength

@: mighty, lethally poisoned (-3 -> -20), tree-form
A: stationary, stasis, torment immunity, boosted hp, (horns 2), (retaliatory
headbutt), (iridescent scales 1)
a: Renounce Religion, Heroism, Finesse


You were on level 1 of the Lair of Beasts.
You worshipped Okawaru.
Okawaru was greatly pleased with you.
You were a tree.
You visited 3 branches of the dungeon, and saw 11 of its levels.

You collected 490 gold pieces.
You spent 10 gold pieces at shops.

Inventory:

Hand Weapons
 a - a +0 flail
 i - a +2 mace of protection
 u - a +4 dire flail of holy wrath (weapon)
Armour
 c - a +0 buckler
 g - a +0 cloak (melded)
 j - a +0 chain mail
 l - a +0 pair of gloves (melded)
 n - a +0 plate armour (melded)
Jewellery
 f - a +6 ring of dexterity (left branch)
 w - an amulet of regeneration (around neck)
 B - a +6 ring of strength (right branch)
 C - a +6 ring of intelligence
 D - a +6 ring of intelligence
 F - a +4 ring of protection
 G - a ring of resist corrosion
Wands
 v - a wand of acid (12)
 y - a wand of digging (10)
 A - a wand of flame (3)
Scrolls
 e - 3 scrolls of fog
 k - a scroll of noise {unknown}
 o - a scroll of blinking {unknown}
 q - 2 scrolls of amnesia {unknown}
 s - 8 scrolls of identify
 x - 2 scrolls of enchant weapon {unknown}
 E - a scroll of teleportation {unknown}
 I - a scroll of fear {unknown}
 J - a scroll of summoning {unknown}
Potions
 b - 2 potions of curing {unknown}
 d - 3 potions of might
 h - a potion of haste {unknown}
 m - a potion of cancellation {unknown}
 p - a potion of lignification
 r - a potion of brilliance {unknown}
 t - a potion of magic
 z - a potion of mutation
Miscellaneous
 H - a piece from Xom's chessboard (15/15)


   Skills:
 + Level 8.5 Fighting
 * Level 11.2 Maces & Flails
 + Level 8.5 Armour
 + Level 6.9 Dodging
 - Level 6.2 Shields


You had 9 spell levels left.
You didn't know any spells.
Your spell library contained the following spells:

 Spells                   Type           Power      Damage    Failure   Level
 Sting                    Tmut/Pois      0%         1d3       47%         1
 Ensorcelled Hibernation  Hex/Ice        0%         N/A       63%         2
 Poisonous Vapours        Pois/Air       0%         N/A       63%         2
 Inner Flame              Hex/Fire       0%         N/A       85%         3
 Cause Fear               Hex            0%         N/A       99%         4
 Olgreb's Toxic Radiance  Pois           0%         N/A       99%         4
 Discord                  Hex            0%         N/A       100%        8
 Summon Small Mammal      Summ           Unusable   N/A       N/A         1
 Call Canine Familiar     Summ           Unusable   N/A       N/A         3
 Summon Guardian Golem    Hex/Summ       Unusable   N/A       N/A         3
 Tukima's Dance           Hex            Unusable   N/A       N/A         3

Dungeon Overview and Level Annotations

Branches:
Dungeon (9/15)             Temple (1/1) D:4            Lair (1/6) D:9
    Orc (0/2) D:9

Altars:
Ashenzari
Cheibriados
Dithmenos
Elyvilon
Gozag
Hepliaklqana
Kikubaaqudgha
Makhleb
Nemelex Xobeh
Okawaru
Qazlal
Ru
Sif Muna
Trog
Uskayaw
Vehumet
Wu Jian
Xom
Yredelemnul
Zin
The Shining One

Shops:
D:4 *

Annotations:
D:5 2 runed translucent doors
D:9 Joseph
Lair:1 Erica


Innate Abilities, Weirdness & Mutations

You are a tree.
Your roots penetrate the ground, keeping you stationary.
You cannot be teleported.
You are immune to unholy pain and torment.
Your maximum health is greatly increased.
Your equipment is partially melded.
((You have a pair of horns on your head.))
((You reflexively headbutt those who attack you in melee.))
((You are partially covered in iridescent scales. (AC +2)))


Message History

You feel very sick. The cane toad stings you.
You are more poisoned.
The cane toad poisons you!
You barely miss the cane toad.
The cane toad is moderately wounded.
You feel very sick. The cane toad stings you!
You are more poisoned.
The cane toad poisons you!
Unknown command.
You feel extremely sick.
You feel very mighty all of a sudden.
You feel extremely sick. The cane toad stings you!
* * * LOW HITPOINT WARNING * * *
You are lethally poisoned!
The cane toad poisons you!
You closely miss the cane toad.
The cane toad is moderately wounded.
* * * LOW HITPOINT WARNING * * *
You feel extremely sick. The cane toad completely misses you.
It was a potion of lignification.
You turn into a tree.
Your +0 cloak melds into your body.
Your +0 pair of gloves melds into your body.
Your +0 plate armour melds into your body.
Your roots penetrate the ground.
* * * LOW HITPOINT WARNING * * *
You feel extremely sick.
The cane toad stings you but does no damage.
The cane toad barely misses you.
It was a potion of magic.
Magic courses through your body.
* * * LOW HITPOINT WARNING * * *
You feel extremely sick. The cane toad stings you.
* * * LOW HITPOINT WARNING * * *
It was a potion of mutation.
You feel extremely strange.
Iridescent scales grow over part of your body.
You die...

..............≈.≈≈....
..............≈≈≈.♣.≈.≈
................♣...♣≈≈≈
...............♣.≈.≈.≈..
...#.#...###.##≈≈.♣≈≈...
.........#......≈♣...≈≈.
.....#..............≈≈♣.
.........#.....≈..≈≈.≈≈#
.......♣.#.......<#.....
.....#.F.#........P....#
.... #.@..........+....#
#.. #...##.#####.#.....
......... ........
........... ........
......... . .... ...
........... ..... ...
P##.......##.


You could see Erica and a cane toad.

Vanquished Creatures
  2 kobold demonologists
  Sigmund (D:5)
  A vampire (D:9)
  A shadow (D:9)
  A wyvern (D:8)
  3 steam dragons (D:8)
  Eustachio (D:5)
  A warg (D:8)
  Edmund (D:6)
  A water moccasin (Lair:1)
  An ice beast (D:6)
  3 orc warriors (D:9)
  3 phantoms
  4 kobold brigands
  3 bullfrogs
  2 scorpions
  A water moccasin skeleton (D:5)
  3 killer bees (D:7)
  2 howler monkeys
  6 crimson imps (D:8)
  A bullfrog zombie (D:5)
  A bullfrog skeleton (D:3)
  2 centaur zombies (D:8)
  3 hounds
  5 orc priests
  5 jellies
  2 centaur skeletons
  Terence (D:2)
  2 iguanas
  7 orc wizards
  2 hound skeletons
  2 howler monkey zombies
  7 adders
  6 white imps
  3 adder skeletons (D:4)
  3 worms (D:4)
  4 dart slugs
  35 orcs
  9 ball pythons
  5 bats
  5 endoplasms
  3 giant cockroaches
  6 goblins
  6 hobgoblins
  2 jackals (D:5)
  14 kobolds
  5 quokkas
  5 frilled lizards
  8 rats
200 creatures vanquished.

Vanquished Creatures (others)
  A plant (Lair:1)
  3 toadstools (D:8)
4 creatures vanquished.

Grand Total: 204 creatures vanquished

Notes
Turn   | Place    | Note
-------+----------+-------------------------------------------
     0 | D:1      | Rennog the Minotaur Fighter began the quest for the Orb.
     0 | D:1      | Reached XP level 1. HP: 19/19 MP: 0/0
   166 | D:1      | Reached XP level 2. HP: 26/27 MP: 1/1
   167 | D:1      | Found a faded altar of an unknown god.
   394 | D:1      | Reached skill level 3 in Maces & Flails
   496 | D:2      | Reached XP level 3. HP: 33/33 MP: 2/2
   536 | D:2      | Reached skill level 1 in Dodging
   813 | D:2      | Reached XP level 4. HP: 33/40 MP: 3/3
   883 | D:2      | Noticed Terence
   950 | D:2      | Killed Terence
  1290 | D:2      | Reached skill level 4 in Maces & Flails
  1290 | D:2      | Reached XP level 5. HP: 45/47 MP: 4/4
  2631 | D:4      | Reached XP level 6. HP: 47/53 MP: 5/5
  2755 | D:4      | Found a staircase to the Ecumenical Temple.
  2779 | Temple   | Entered the Ecumenical Temple
  3077 | Temple   | Became a worshipper of Warmaster Okawaru
  3107 | D:4      | Reached skill level 5 in Maces & Flails
  3119 | D:4      | Found Wiunuci's CLEARANCE SALE!.
  3135 | D:4      | Bought a scroll of identify for 10 gold pieces
  3350 | D:4      | Found a snail-covered altar of Cheibriados.
  3470 | D:4      | Found an ancient bone altar of Kikubaaqudgha.
  3478 | D:4      | Reached skill level 5 in Fighting
  3487 | D:4      | Found a radiant altar of Vehumet.
  3491 | D:4      | Reached skill level 5 in Shields
  3500 | D:4      | Found a shimmering blue altar of Sif Muna.
  3614 | D:5      | Entered Level 5 of the Dungeon
  3688 | D:5      | Found a sacrificial altar of Ru.
  3880 | D:5      | Reached skill level 5 in Armour
  3884 | D:5      | Reached XP level 7. HP: 61/61 MP: 6/6
  3902 | D:5      | Reached * piety under Okawaru
  3922 | D:5      | Noticed Eustachio
  3929 | D:5      | Killed Eustachio
  3930 | D:5      | Reached skill level 6 in Maces & Flails
  4160 | D:5      | Noticed Sigmund
  4161 | D:5      | Found a runed translucent door.
  4162 | D:5      | Found a runed translucent door.
  4162 | D:5      | Noticed a vampire mosquito
  4169 | D:5      | Killed Sigmund
  4170 | D:5      | Reached XP level 8. HP: 65/70 MP: 7/7
  4206 | D:5      | Reached skill level 7 in Maces & Flails
  4736 | D:6      | Found a broken altar of Ashenzari.
  4900 | D:6      | Reached ** piety under Okawaru
  5047 | D:6      | Noticed Edmund
  5063 | D:6      | Killed Edmund
  5368 | D:6      | Found a glowing golden altar of the Shining One.
  5451 | D:6      | Reached skill level 8 in Maces & Flails
  5861 | D:7      | Found a white marble altar of Elyvilon.
  5943 | D:7      | Reached skill level 5 in Dodging
  5969 | D:7      | Found a stormy altar of Qazlal.
  5991 | D:7      | Reached XP level 9. HP: 78/78 MP: 8/8
  6154 | D:7      | Reached skill level 9 in Maces & Flails
  6607 | D:8      | Reached *** piety under Okawaru
  7188 | D:8      | Found a burning altar of Makhleb.
  7188 | D:8      | Found a shimmering altar of Xom.
  7192 | D:8      | Reached skill level 10 in Maces & Flails
  7302 | D:9      | Noticed a kobold demonologist
  7305 | D:9      | Noticed a kobold demonologist
  7330 | D:8      | Killed a kobold demonologist
  7330 | D:8      | Reached **** piety under Okawaru
  7348 | D:9      | Killed a kobold demonologist
  7349 | D:9      | Reached XP level 10. HP: 88/88 MP: 9/9
  7422 | D:9      | Noticed a seven-headed hydra
  7501 | D:9      | Noticed Joseph
  7612 | D:9      | Reached skill level 11 in Maces & Flails
  7618 | D:9      | Found a staircase to the Orcish Mines.
  7676 | D:9      | Found a shadowy altar of Dithmenos.
  7726 | D:9      | Found a staircase to the Lair.
  7737 | Lair:1   | Entered Level 1 of the Lair of Beasts
  7760 | Lair:1   | Noticed a cane toad
  7764 | Lair:1   | Noticed Erica
  7771 | Lair:1   | HP: 4/135 [poisoned by a cane toad]
  7772 | Lair:1   | Gained mutation: You are partially covered in iridescent
                  | scales. (AC +2) [potion of mutation]
  7772 | Lair:1   | Succumbed to a cane toad's poison

Illustrated notes

Levels and vault maps discovered:
D:1:      matt_arrival_los_fun, layout_rooms, chequers_ecumenical_altar_simple,
          serial_bayou_lagoon_b
D:2:      layout_basic, minmay_split_cup_large, uniq_terence
D:3:      layout_loops_cross, lemuel_flame_loot_1
D:4:      layout_rooms, palyth_temple_overflow_mages, slow_altar_1,
          minmay_temple_entry_slanted, nicolae_shop_clearance
D:5:      lemuel_insect_pit, layout_loops_corners,
          nicolae_ru_the_path_less_chosen, uniq_eustachio, uniq_sigmund
D:6:      layout_loops_ring, nicolae_ashenzari_skybound, tso_oasis_becter,
          uniq_edmund
D:7:      layout_gridville, elyvilon_altar_4, grunt_qazlal_clouds
D:8:      layout_loops_ring, grunt_temple_overflow_champion_of_chaos,
          minmay_gold_behind_fungi, minmay_nine_imps
D:9:      hangedman_cross_stitches, layout_grid_maze, grunt_dithmenos_smoke,
          lair_entry_dummy, david_orc_3, uniq_maggie, uniq_joseph
Temple:   compressed_dpeg_triangle_lava_temple
Lair:1:   layout_regular_city, chequers_serial_rivers_marsh, uniq_erica,
          uniq_gastronok

Skill      XL: |  1  2  3  4  5  6  7  8  9 10 |
---------------+-------------------------------+-----
Maces & Flails | 3 4 5 6 8 10 11 | 11.2
Shields        | 4 5 6 |  6.2
Fighting       | 4 5 6 8 |  8.5
Dodging        | 1 2 3 5 6 |  6.9
Armour         | 4 5 6 8 |  8.5

Action                   |  1- 3 |  4- 6 |  7- 9 | 10-12 || total
-------------------------+-------+-------+-------+-------++-------
Melee: Flail             |    49 |    17 |       |       ||    66
       Headbutt          |    10 |    53 |    61 |    10 ||   134
       Mace              |       |   160 |    93 |       ||   253
       Dire flail        |       |       |   141 |    40 ||   181
  Use: Scroll            |       |     1 |       |       ||     1
       Potion            |       |       |       |     4 ||     4
Armor: Scale mail        |    17 |     5 |       |       ||    22
       Chain mail        |       |    53 |       |       ||    53
       Plate armour      |       |    39 |   125 |    14 ||   178
       Skin              |       |       |       |     1 ||     1
Dodge: Dodged            |    15 |    56 |    94 |    21 ||   186
Block: Buckler           |    11 |    49 |    21 |       ||    81

Table legend: (Time is in decaauts)
 A = Elapsed time spent in this place.
 B = Non-inter-level travel time spent in this place.
 C = Inter-level travel time spent in this place.
 D = Time resting spent in this place.
 E = Time spent auto-exploring this place.
 F = Levels seen in this place.
 G = Mean time per level.
                   A        B        C        D        E       F      G
               +--------+--------+--------+--------+--------+-----+--------+
         Total |   7806 |   7355 |    451 |     30 |   6002 |  11 |  709.6 |
       Dungeon |   7455 |   7032 |    423 |     30 |   5708 |   9 |  828.3 |
        Temple |    316 |    288 |     28 |      0 |    280 |   1 |  316.0 |
          Lair |     33 |     33 |      0 |      0 |     14 |   1 |   33.0 |
               +--------+--------+--------+--------+--------+-----+--------+

Top non-repeatable levels by time:
     D:2: 1253 daAuts
     D:5: 1063 daAuts
     D:6: 971 daAuts
     D:8: 933 daAuts
     D:3: 895 daAuts
     D:7: 881 daAuts
     D:4: 694 daAuts
     D:1: 509 daAuts
  Temple: 316 daAuts
     D:9: 252 daAuts
  Lair:1: 33 daAuts
